[Event "25th Zadar Open 2018"]
[Site "Zadar"]
[Date "2018.12.16"]
[Round "3.25"]
[White "Sapale Saloni"]
[Black "Biliskov, Vjekoslav"]
[Result "0-1"]
[ECO "B28"]
[WhiteElo "2187"]
[BlackElo "2313"]
[Annotator "NA"]
[PlyCount "112"]
[EventDate "2018.12.15"]
[EventType "swiss"]
[EventCountry "CRO"]
[SourceTitle "playchess.com"]
[Source "ChessBase"]
[SourceQuality "1"]
[TimeControl "40/5400+30:1800+30"]

1. e4 c5 2. Nf3 a6 3. c3 d5 4. exd5 Qxd5 5. d4 Nf6 6. Be3 cxd4 7. cxd4 g6 8. Nc3 Qd6 9. Bc4 Bg7 10. Qb3 O-O 11. Ne5 e6 12. O-O Nc6 13. Nxc6 bxc6 14. Be2 Rb8 15. Qc2 Nd5 16. a3 Nxe3 17. fxe3 e5 18. Ne4 Qe7 19. Rad1 exd4 20. exd4 Bf5 21. Rxf5 gxf5 22. Ng3 Rfe8 23. Bc4 Qe3+ 24. Kh1 f4 25. Nf1 Qe7 26. h3 Red8 27. b3 Rxd4 28. Rxd4 Bxd4 29. Qf5 Qf6 30. Qe4 Ba7 31. Nd2 Qa1+ 32. Nf1 Qd4 33. Qxd4 Bxd4 34. Nd2 a5 35. a4 Re8 36. Nf3 Bf2 37. Kh2 Kg7 38. Kh1 Rd8 39. Be2 Kf6 40. Kh2 Re8 41. Bc4 Re3 42. h4 h5 43. Nd2 Re1 44. g3 fxg3+ 45. Kg2 Rg1+ 46. Kf3 Be1 47. Ne4+ Ke5 48. Ng5 Bf2 49. Nxf7+ Kd4 50. Nd6 Ke5 51. Nf7+ Kf6 52. Ng5 Rc1 53. Ne4+ Ke5 54. Nd2 Rc3+ 55. Kg2 Kf4 56. Bf1 Rc2 0-1

[Event "25th Zadar Open 2018"]
[Site "Zadar"]
[Date "2018.12.16"]
[Round "3.26"]
[White "Krstulovic, Alex"]
[Black "Ermeni, Avni"]
[Result "0-1"]
[ECO "A57"]
[WhiteElo "2313"]
[BlackElo "2183"]
[Annotator "NA"]
[PlyCount "86"]
[EventDate "2018.12.15"]
[EventType "swiss"]
[EventCountry "CRO"]
[SourceTitle "playchess.com"]
[Source "ChessBase"]
[SourceQuality "1"]
[TimeControl "40/5400+30:1800+30"]

1. d4 Nf6 2. c4 c5 3. d5 b5 4. cxb5 a6 5. bxa6 g6 6. Nc3 d6 7. e4 Bg7 8. Nf3 O-O 9. a4 Bxa6 10. Bxa6 Nxa6 11. O-O Qb6 12. Nd2 Nc7 13. Rb1 Nd7 14. Qc2 Qb4 15. Ra1 Rfb8 16. Ra3 Qa5 17. Nc4 Qa6 18. b3 Ne5 19. Nxe5 Bxe5 20. Bd2 Bxh2+ 21. Kxh2 Qxf1 22. Be3 Na6 23. Qb2 Nb4 24. Ra1 Qd3 25. Rc1 Qa6 26. Rd1 Nd3 27. Qc2 Ne5 28. Bg5 f6 29. Bf4 c4 30. bxc4 Qxc4 31. Bxe5 fxe5 32. Qd2 Rc8 33. Rc1 Qd4 34. Qe1 Rc5 35. f3 Rac8 36. Qh4 Qd2 37. Qxe7 Qh6+ 38. Kg3 Qf4+ 39. Kh3 Qh6+ 40. Kg3 Qf4+ 41. Kh3 Rxc3 42. Rxc3 Rxc3 43. Qxd6 Rc1 0-1

[Event "25th Zadar Open 2018"]
[Site "Zadar"]
[Date "2018.12.16"]
[Round "3.27"]
[White "Chan, Kim Yew"]
[Black "Samani, Yamac"]
[Result "1/2-1/2"]
[ECO "E60"]
[WhiteElo "2175"]
[BlackElo "2267"]
[Annotator "NA"]
[PlyCount "62"]
[EventDate "2018.12.15"]
[EventType "swiss"]
[EventCountry "CRO"]
[SourceTitle "playchess.com"]
[Source "ChessBase"]
[SourceQuality "1"]
[TimeControl "40/5400+30:1800+30"]

1. Nf3 Nf6 2. c4 g6 3. b3 Bg7 4. Bb2 O-O 5. g3 d6 6. d4 e5 7. dxe5 dxe5 8. Qxd8 Rxd8 9. Nxe5 Na6 10. Nd3 Bf5 11. Nc3 Bxd3 12. exd3 Nb4 13. O-O-O Ng4 14. Rd2 Ne5 15. Kb1 Nexd3 16. Bxd3 Rxd3 17. Rhd1 Rad8 18. Nd5 Rxd2 19. Rxd2 Nxd5 20. Rxd5 Rxd5 21. cxd5 Kf8 22. Kc2 Bxb2 23. Kxb2 Ke7 24. Kc3 Kd6 25. Kd4 f6 26. b4 c6 27. dxc6 Kxc6 28. Kc4 Kd6 29. Kd4 Kc6 30. Kc4 Kd6 31. Kd4 Kc6 1/2-1/2

[Event "25th Zadar Open 2018"]
[Site "Zadar"]
[Date "2018.12.17"]
[Round "4.4"]
[White "Jakic, Ivan"]
[Black "Loiseau, Quentin"]
[Result "1/2-1/2"]
[ECO "B31"]
[WhiteElo "2393"]
[BlackElo "2443"]
[Annotator "NA"]
[PlyCount "48"]
[EventDate "2018.12.15"]
[EventType "swiss"]
[EventCountry "CRO"]
[SourceTitle "playchess.com"]
[Source "ChessBase"]
[SourceQuality "1"]
[TimeControl "40/5400+30:1800+30"]

1. e4 c5 2. Nf3 Nc6 3. Bb5 g6 4. Bxc6 dxc6 5. Nc3 Bg7 6. d3 e5 7. Be3 Qe7 8. h3 Nf6 9. Qd2 h6 10. Nh2 Nd7 11. O-O Nf8 12. f4 exf4 13. Rxf4 g5 14. Rf2 Be6 15. a4 Nd7 16. a5 Be5 17. Raf1 Bc7 18. d4 cxd4 19. Qxd4 Be5 20. Qa4 Nc5 21. Qb4 Na6 22. Qa4 Nc5 23. Qb4 Na6 24. Qa4 Nc5 1/2-1/2

[Event "25th Zadar Open 2018"]
[Site "Zadar"]
[Date "2018.12.17"]
[Round "4.5"]
[White "Bukal, Vladimir Jr."]
[Black "Petrov, Nikita"]
[Result "1/2-1/2"]
[ECO "D02"]
[WhiteElo "2390"]
[BlackElo "2593"]
[Annotator "ChessBase"]
[PlyCount "94"]
[EventDate "2018.12.15"]
[EventType "swiss"]
[EventCountry "CRO"]
[SourceTitle "playchess.com"]
[Source "ChessBase"]
[SourceQuality "1"]
[TimeControl "40/5400+30:1800+30"]

1. d4 Nf6 2. Bf4 d5 3. e3 e6 4. Nf3 Bd6 5. Nbd2 O-O 6. Bd3 b6 7. O-O Bb7 8. Ne5 Ne4 9. f3 Nxd2 10. Qxd2 c5 11. c3 f6 12. Ng4 Nc6 13. Bxd6 Qxd6 14. f4 Ne7 15. b4 cxb4 16. cxb4 Nf5 17. a4 Qd7 18. Rfc1 Rfc8 19. Rxc8+ Rxc8 20. Bxf5 exf5 21. Nf2 Rc4 22. Nd3 Qc6 23. b5 Qc7 24. a5 Rc2 25. axb6 axb6 26. Rc1 Rc4 27. Ra1 Rc2 28. Rc1 Rc4 29. Ra1 h6 30. h3 Rc2 31. Rc1 Rc4 32. Ra1 Rc2 33. Rc1 Rc4 34. Ra1 Kh7 35. Kh2 Rc2 36. Rc1 Rc4 37. Ra1 Bc8 38. Nb4 Qd6 39. Nc6 Bd7 40. Ra6 Bxc6 41. Rxb6 Qc7 42. Rxc6 Rxc6 43. bxc6 Qxc6 44. Qd3 Qe6 45. Qc2 Qd7 46. Qd3 Qe6 47. Qc2 Qd7 1/2-1/2

[Event "25th Zadar Open 2018"]
[Site "Zadar"]
[Date "2018.12.17"]
[Round "4.7"]
[White "Cvitan, Ognjen"]
[Black "Sinanovic, Muhamed"]
[Result "1-0"]
[ECO "E16"]
[WhiteElo "2503"]
[BlackElo "2325"]
[Annotator "ChessBase"]
[PlyCount "97"]
[EventDate "2018.12.15"]
[EventType "swiss"]
[EventCountry "CRO"]
[SourceTitle "playchess.com"]
[Source "ChessBase"]
[SourceQuality "1"]
[TimeControl "40/5400+30:1800+30"]

1. d4 e6 2. c4 Bb4+ 3. Bd2 Qe7 4. Nf3 Nf6 5. g3 b6 6. Bg2 Bb7 7. O-O Bxd2 8. Qxd2 O-O 9. Nc3 Ne4 10. Nxe4 Bxe4 11. Rac1 a5 12. Qf4 Bxf3 13. Bxf3 Ra7 14. c5 bxc5 15. Rxc5 d6 16. Rc3 Nd7 17. Bc6 Rb8 18. Qd2 g6 19. Rfc1 d5 20. b3 Rb6 21. h4 h5 22. Kg2 Kg7 23. Qf4 Nb8 24. Ba4 Na6 25. Qd2 Ra8 26. Rc6 Qb4 27. Qf4 Qe7 28. Rxb6 cxb6 29. Bb5 Qf6 30. Qxf6+ Kxf6 31. a3 Ra7 32. Rc6 Nc7 33. Rxb6 Nxb5 34. Rxb5 Ke7 35. a4 Kd6 36. Kf3 Ke7 37. Kf4 Kf6 38. f3 Ra8 39. e4 dxe4 40. fxe4 Ra7 41. e5+ Ke7 42. Ke4 Kd7 43. d5 exd5+ 44. Kxd5 Kc7 45. e6 fxe6+ 46. Kxe6 Ra6+ 47. Kf7 Rd6 48. Rxa5 Rd3 49. Rg5 1-0

[Event "25th Zadar Open 2018"]
[Site "Zadar"]
[Date "2018.12.17"]
[Round "4.8"]
[White "Sutkovic, Damir"]
[Black "Blagojevic, Dragisa"]
[Result "0-1"]
[ECO "D45"]
[WhiteElo "2345"]
[BlackElo "2497"]
[Annotator "ChessBase"]
[PlyCount "72"]
[EventDate "2018.12.15"]
[EventType "swiss"]
[EventCountry "CRO"]
[SourceTitle "playchess.com"]
[Source "ChessBase"]
[SourceQuality "1"]
[TimeControl "40/5400+30:1800+30"]

1. d4 d5 2. c4 e6 3. Nf3 Nf6 4. Nc3 c6 5. e3 Nbd7 6. Qc2 Bd6 7. Bd2 O-O 8. O-O-O c5 9. Kb1 a6 10. cxd5 exd5 11. h3 b5 12. dxc5 Nxc5 13. g4 Bb7 14. Nd4 Rc8 15. Be1 Re8 16. Rc1 b4 17. Nce2 Qb6 18. Qd1 a5 19. Nf4 Bxf4 20. exf4 Nce4 21. Bb5 Rxc1+ 22. Kxc1 Rc8+ 23. Kb1 Nd6 24. Be2 Nfe4 25. f3 Nc3+ 26. Bxc3 bxc3 27. b3 a4 28. Qd3 Nc4 29. Rc1 Nb2 30. Qb5 Qxd4 31. Qxb7 Rf8 32. Qc6 Nc4 33. Bxc4 Qd2 34. Rc2 Qd1+ 35. Rc1 c2+ 36. Kb2 a3+ 0-1

[Event "25th Zadar Open 2018"]
[Site "Zadar"]
[Date "2018.12.17"]
[Round "4.11"]
[White "Nielsen, Rogvi Egilstoft"]
[Black "Nielsen, Hogni Egilstoft"]
[Result "1-0"]
[ECO "C86"]
[WhiteElo "2339"]
[BlackElo "2400"]
[Annotator "NA"]
[PlyCount "89"]
[EventDate "2018.12.15"]
[EventType "swiss"]
[EventCountry "CRO"]
[SourceTitle "playchess.com"]
[Source "ChessBase"]
[SourceQuality "1"]
[TimeControl "40/5400+30:1800+30"]

1. e4 e5 2. Nf3 Nc6 3. Bb5 a6 4. Ba4 Nf6 5. Qe2 b5 6. Bb3 Be7 7. c3 d6 8. O-O Na5 9. Bc2 c5 10. d4 Nc6 11. dxc5 dxc5 12. a4 b4 13. Nbd2 O-O 14. Nc4 Qc7 15. Bg5 Be6 16. Ne3 bxc3 17. bxc3 h6 18. Bxf6 Bxf6 19. Nd5 Bxd5 20. exd5 Ne7 21. Rfe1 Rfd8 22. Rad1 Nxd5 23. Qe4 Ne7 24. Nxe5 Ng6 25. Nxg6 fxg6 26. Qxg6 Qf7 27. Qh7+ Kf8 28. Qf5 c4 29. Be4 Rxd1 30. Rxd1 Re8 31. Bd5 Qe7 32. Bxc4 Rd8 33. Rxd8+ Qxd8 34. g3 Qc7 35. Bxa6 Qxc3 36. a5 Ke7 37. Bb5 Bd4 38. Kg2 Qb2 39. a6 g6 40. Qd7+ Kf6 41. Qd6+ Kg7 42. Qe7+ Kh8 43. Qf8+ Kh7 44. Bc4 h5 45. Bg8+ 1-0

[Event "25th Zadar Open 2018"]
[Site "Zadar"]
[Date "2018.12.17"]
[Round "4.12"]
[White "Rakesh Kumar Jena"]
[Black "Sokac, Marko"]
[Result "1-0"]
[ECO "A04"]
[WhiteElo "2398"]
[BlackElo "2301"]
[Annotator "NA"]
[PlyCount "111"]
[EventDate "2018.12.15"]
[EventType "swiss"]
[EventCountry "CRO"]
[SourceTitle "playchess.com"]
[Source "ChessBase"]
[SourceQuality "1"]
[TimeControl "40/5400+30:1800+30"]

1. Nf3 c5 2. g3 Nc6 3. Bg2 g6 4. O-O Bg7 5. c3 e5 6. d4 cxd4 7. cxd4 e4 8. Ne5 d5 9. f3 Qb6 10. Nxc6 exf3 11. Ne5 Bxe5 12. Bxf3 Bxd4+ 13. Kg2 Ne7 14. Nc3 Bxc3 15. bxc3 Be6 16. Bg5 Nf5 17. Rb1 Ne3+ 18. Bxe3 Qxe3 19. Rxb7 O-O 20. Qd4 Qxd4 21. cxd4 Rfc8 22. Rfb1 Rc4 23. R1b4 Rac8 24. Kf2 a5 25. R4b5 Rxd4 26. Rxa5 Rd2 27. g4 d4 28. a4 Ra2 29. Kg3 Rc4 30. Ra8+ Kg7 31. g5 Rc8 32. Rxc8 Bxc8 33. Ra7 Be6 34. Kf4 h6 35. h4 hxg5+ 36. hxg5 Bc4 37. Ke5 Rd2 38. Rc7 Bb3 39. a5 Ra2 40. Rc5 Bd1 41. Kxd4 Bxe2 42. Bxe2 Rxe2 43. Kc4 Re7 44. a6 f6 45. gxf6+ Kxf6 46. Kb5 g5 47. Kb6 Kg6 48. a7 Re8 49. Ra5 Ra8 50. Kb7 Rf8 51. a8=Q Rxa8 52. Rxa8 Kf5 53. Kc6 g4 54. Kd5 g3 55. Rf8+ Kg4 56. Ke4 1-0

[Event "25th Zadar Open 2018"]
[Site "Zadar"]
[Date "2018.12.17"]
[Round "4.13"]
[White "Pallitsch, Clemens"]
[Black "Loncar, Robert"]
[Result "0-1"]
[ECO "E70"]
[WhiteElo "2176"]
[BlackElo "2397"]
[Annotator "NA"]
[PlyCount "76"]
[EventDate "2018.12.15"]
[EventType "swiss"]
[EventCountry "CRO"]
[SourceTitle "playchess.com"]
[Source "ChessBase"]
[SourceQuality "1"]
[TimeControl "40/5400+30:1800+30"]

1. d4 Nf6 2. c4 g6 3. Nc3 Bg7 4. e4 O-O 5. Nge2 c5 6. d5 b5 7. cxb5 a6 8. Ng3 h5 9. h4 d6 10. Be2 axb5 11. Nxb5 Bg4 12. f3 Bd7 13. a4 Na6 14. Be3 Nc7 15. Nc3 Qb8 16. Qc2 e6 17. dxe6 Nxe6 18. Kf2 Nd4 19. Bxd4 cxd4 20. Nb5 Rc8 21. Qd2 d5 22. Rhc1 Rxc1 23. Qxc1 dxe4 24. Nxe4 Nxe4+ 25. fxe4 Qh2 26. Qg5 Be5 27. Bc4 Ra6 28. Rf1 Bg4 29. Ke1 Bg3+ 30. Kd2 Bxh4 31. Qc5 Qxg2+ 32. Kc1 Be6 33. b3 Bg5+ 34. Kb1 Qxe4+ 35. Kb2 Qg2+ 36. Ka1 Rc6 37. Qa7 Rxc4 38. Qa8+ Qxa8 0-1

[Event "25th Zadar Open 2018"]
[Site "Zadar"]
[Date "2018.12.17"]
[Round "4.14"]
[White "Plenca, Jadranko"]
[Black "Karthik Kumar Pradeep"]
[Result "1-0"]
[ECO "B23"]
[WhiteElo "2475"]
[BlackElo "2230"]
[Annotator "ChessBase"]
[PlyCount "53"]
[EventDate "2018.12.15"]
[EventType "swiss"]
[EventCountry "CRO"]
[SourceTitle "playchess.com"]
[Source "ChessBase"]
[SourceQuality "1"]
[TimeControl "40/5400+30:1800+30"]

1. e4 c5 2. Nc3 Nc6 3. Nge2 e5 4. Nd5 d6 5. Nec3 Be6 6. Bc4 g6 7. d3 Bg7 8. O-O h6 9. f4 Nge7 10. Nxe7 Nxe7 11. f5 Bxc4 12. dxc4 f6 13. fxg6 h5 14. Nb5 Nc8 15. Rf5 a6 16. Nc3 Ne7 17. Rxh5 Nxg6 18. Rxh8+ Bxh8 19. Qh5 Kf7 20. Nd5 Bg7 21. Bg5 Qh8 22. Qf3 Ne7 23. Rf1 Nxd5 24. cxd5 Rf8 25. Qf5 Qh5 26. g4 Qh8 27. Bxf6 1-0

[Event "25th Zadar Open 2018"]
[Site "Zadar"]
[Date "2018.12.17"]
[Round "4.16"]
[White "Biliskov, Vjekoslav"]
[Black "Kurayan, Ruslan"]
[Result "1-0"]
[ECO "E71"]
[WhiteElo "2313"]
[BlackElo "2391"]
[Annotator "NA"]
[PlyCount "81"]
[EventDate "2018.12.15"]
[EventType "swiss"]
[EventCountry "CRO"]
[SourceTitle "playchess.com"]
[Source "ChessBase"]
[SourceQuality "1"]
[TimeControl "40/5400+30:1800+30"]

1. d4 Nf6 2. c4 g6 3. Nc3 Bg7 4. e4 d6 5. h3 O-O 6. Bg5 c5 7. d5 b5 8. cxb5 a6 9. a4 Qa5 10. Bd2 Qb4 11. Bd3 Nfd7 12. Nf3 c4 13. Bc2 axb5 14. axb5 Nb6 15. Rb1 N8d7 16. O-O Nc5 17. Bg5 Re8 18. Nd4 Bd7 19. Nc6 Bxc6 20. bxc6 Rab8 21. Be3 Nb3 22. Bxb3 cxb3 23. Bxb6 Rxb6 24. Rc1 e6 25. Qd3 Bd4 26. Rfd1 Bc5 27. Ra1 Rbb8 28. g3 Rbc8 29. Kg2 exd5 30. Nxd5 Qb8 31. Nf6+ Kg7 32. Nxe8+ Rxe8 33. Ra6 h5 34. h4 Qc8 35. Rda1 Re6 36. Qc3+ Rf6 37. f3 Qe6 38. c7 Qd7 39. e5 Re6 40. Re1 Kh7 41. exd6 1-0

[Event "25th Zadar Open 2018"]
[Site "Zadar"]
[Date "2018.12.17"]
[Round "4.17"]
[White "Ustianovich, Nazar"]
[Black "Dixit, Nikhil"]
[Result "1/2-1/2"]
[ECO "B15"]
[WhiteElo "2383"]
[BlackElo "2292"]
[Annotator "NA"]
[PlyCount "87"]
[EventDate "2018.12.15"]
[EventType "swiss"]
[EventCountry "CRO"]
[SourceTitle "playchess.com"]
[Source "ChessBase"]
[SourceQuality "1"]
[TimeControl "40/5400+30:1800+30"]

1. e4 g6 2. d4 Bg7 3. Nc3 c6 4. f4 d5 5. e5 Nh6 6. Nf3 f6 7. Bd3 Bg4 8. h3 Bxf3 9. Qxf3 O-O 10. h4 fxe5 11. dxe5 Nd7 12. Qg3 Nc5 13. h5 Nxd3+ 14. cxd3 Qe8 15. hxg6 Qxg6 16. Ne2 c5 17. Bd2 Rac8 18. O-O-O c4 19. d4 Qd3 20. Qxd3 cxd3+ 21. Nc3 e6 22. Rh3 Ng4 23. Rf1 Nxe5 24. dxe5 d4 25. Rff3 dxc3 26. bxc3 Rfd8 27. Rxd3 Rxd3 28. Rxd3 Rc7 29. Be3 b6 30. Kd2 Kf7 31. g4 Bf8 32. Bd4 Kg6 33. Rf3 Rf7 34. f5+ Kg5 35. f6 Kxg4 36. Ke2 h5 37. Rf1 h4 38. Rg1+ Kf4 39. Rf1+ Ke4 40. Rh1 Rh7 41. Kf2 b5 42. Re1+ Kd3 43. Re3+ Kc4 44. Re4 1/2-1/2

[Event "25th Zadar Open 2018"]
[Site "Zadar"]
[Date "2018.12.17"]
[Round "4.18"]
[White "Bilobrk, Franjo"]
[Black "Blagojevic, Tijana"]
[Result "1/2-1/2"]
[ECO "D52"]
[WhiteElo "2364"]
[BlackElo "2208"]
[Annotator "NA"]
[PlyCount "68"]
[EventDate "2018.12.15"]
[EventType "swiss"]
[EventCountry "CRO"]
[SourceTitle "playchess.com"]
[Source "ChessBase"]
[SourceQuality "1"]
[TimeControl "40/5400+30:1800+30"]

1. d4 d5 2. c4 c6 3. Nf3 Nf6 4. Nc3 e6 5. Bg5 Nbd7 6. e3 Qa5 7. cxd5 Nxd5 8. Rc1 h6 9. Bh4 Nxc3 10. bxc3 Ba3 11. Rc2 b6 12. Be2 Ba6 13. O-O Bxe2 14. Qxe2 O-O 15. e4 Qa4 16. Rd1 Rfe8 17. c4 Rac8 18. e5 b5 19. c5 Nf8 20. g4 Rc7 21. Rc3 Rd7 22. Rdd3 Bb4 23. Rb3 Ng6 24. Bg3 Ne7 25. h4 Nd5 26. h5 Ba5 27. Ra3 Qb4 28. Nd2 Bd8 29. Ne4 Be7 30. Qd1 Qc4 31. Nd2 Qb4 32. Ne4 Qc4 33. Nd2 Qb4 34. Ne4 Qc4 1/2-1/2

[Event "25th Zadar Open 2018"]
[Site "Zadar"]
[Date "2018.12.17"]
[Round "4.19"]
[White "Bratkovic, Jakob"]
[Black "Mendonca, Leon Luke"]
[Result "1-0"]
[ECO "B96"]
[WhiteElo "2239"]
[BlackElo "2350"]
[Annotator "NA"]
[PlyCount "103"]
[EventDate "2018.12.15"]
[EventType "swiss"]
[EventCountry "CRO"]
[SourceTitle "playchess.com"]
[Source "ChessBase"]
[SourceQuality "1"]
[TimeControl "40/5400+30:1800+30"]

1. e4 c5 2. Nf3 d6 3. d4 cxd4 4. Nxd4 Nf6 5. Nc3 a6 6. Bg5 e6 7. f4 h6 8. Bh4 Qb6 9. a3 Be7 10. Bf2 Qc7 11. Qf3 Nbd7 12. O-O-O b5 13. g4 Bb7 14. h4 d5 15. e5 Ne4 16. Be1 Rc8 17. Rh3 Ndc5 18. Qg2 f6 19. Nxe4 dxe4 20. Rc3 fxe5 21. Nxe6 Qb6 22. Nxg7+ Kf7 23. Nf5 Qe6 24. Nxe7 Qa2 25. Nxc8 Rxc8 26. Qf2 e3 27. Qxe3 Ne4 28. Qxe4 Bxe4 29. Rxc8 Bf3 30. Rc7+ Ke8 31. Rdd7 Qa1+ 32. Kd2 Qd1+ 33. Ke3 Qxe1+ 34. Kxf3 e4+ 35. Kg2 Qe3 36. Rh7 Qf3+ 37. Kg1 Qg3+ 38. Kh1 Qxh4+ 39. Kg2 Qxg4+ 40. Kf2 Qxf4+ 41. Ke2 Qf3+ 42. Ke1 Qg3+ 43. Kd1 Qg4+ 44. Be2 Qg1+ 45. Kd2 Qg5+ 46. Kc3 Kd8 47. Ra7 Qe3+ 48. Kb4 Qd2+ 49. Kb3 Qd5+ 50. c4 bxc4+ 51. Bxc4 Qd1+ 52. Ka2 1-0

[Event "25th Zadar Open 2018"]
[Site "Zadar"]
[Date "2018.12.17"]
[Round "4.20"]
[White "Nester, Ihor"]
[Black "Zelic, Mladen"]
[Result "1-0"]
[ECO "D90"]
[WhiteElo "2337"]
[BlackElo "2274"]
[Annotator "NA"]
[PlyCount "107"]
[EventDate "2018.12.15"]
[EventType "swiss"]
[EventCountry "CRO"]
[SourceTitle "playchess.com"]
[Source "ChessBase"]
[SourceQuality "1"]
[TimeControl "40/5400+30:1800+30"]

1. Nf3 Nf6 2. c4 g6 3. Nc3 d5 4. cxd5 Nxd5 5. Qb3 Nb6 6. d4 Bg7 7. Bf4 O-O 8. e3 a5 9. Be2 a4 10. Qc2 Nc6 11. O-O Bf5 12. Qc1 Nd5 13. Nxd5 Qxd5 14. Rd1 h6 15. Qc4 Qxc4 16. Bxc4 Na5 17. Bb5 c6 18. Bxa4 Nc4 19. Bb3 Nxb2 20. Rd2 Na4 21. Rc1 g5 22. Be5 Rfd8 23. Rc4 b5 24. Rxc6 Rac8 25. Rxc8 Rxc8 26. Bxg7 Kxg7 27. h3 Rc1+ 28. Kh2 Be4 29. Ne5 f6 30. Nd3 Rf1 31. f3 Bg6 32. e4 f5 33. e5 f4 34. Nb4 Re1 35. Nc6 Kf8 36. d5 Be8 37. e6 Nc5 38. Rc2 Nb7 39. Nxe7 Nd6 40. Rc7 b4 41. g4 Nb5 42. d6 Nxd6 43. Nf5 Nxf5 44. gxf5 Re2+ 45. Kg1 Bb5 46. h4 g4 47. fxg4 f3 48. Bc4 Bxc4 49. Rxc4 Ke7 50. Rxb4 Rxa2 51. Rf4 Rg2+ 52. Kf1 Kf6 53. Re4 Ke7 54. f6+ 1-0

[Event "25th Zadar Open 2018"]
[Site "Zadar"]
[Date "2018.12.17"]
[Round "4.21"]
[White "Ermeni, Avni"]
[Black "Spalir, Jernej"]
[Result "1/2-1/2"]
[ECO "D35"]
[WhiteElo "2183"]
[BlackElo "2336"]
[Annotator "NA"]
[PlyCount "93"]
[EventDate "2018.12.15"]
[EventType "swiss"]
[EventCountry "CRO"]
[SourceTitle "playchess.com"]
[Source "ChessBase"]
[SourceQuality "1"]
[TimeControl "40/5400+30:1800+30"]

1. d4 d5 2. c4 e6 3. Nc3 Nf6 4. Nf3 Be7 5. cxd5 exd5 6. Bg5 c6 7. e3 Bf5 8. Bd3 Bxd3 9. Qxd3 Nbd7 10. O-O O-O 11. Nd2 Re8 12. Rae1 h6 13. Bxf6 Nxf6 14. f3 Qb6 15. Qc2 Bd6 16. Kh1 Rad8 17. g4 Re6 18. Rf2 Rde8 19. Nf1 c5 20. Rd1 cxd4 21. exd4 Bf4 22. Rd3 Re1 23. Kg2 Qa6 24. Rd1 R1e6 25. Qd3 Qd6 26. Re2 Qb4 27. Rxe6 Rxe6 28. Rb1 a6 29. Ne2 Bb8 30. Neg3 Qc4 31. Qxc4 dxc4 32. Rc1 b5 33. b3 Bxg3 34. Kxg3 cxb3 35. axb3 Rd6 36. Rc8+ Kh7 37. Rf8 Kg6 38. Ne3 Rxd4 39. Nf5 Rd7 40. Ra8 Rd3 41. Rxa6 Rxb3 42. Rb6 b4 43. h4 Kh7 44. Rb7 Kg8 45. Rb8+ Kh7 46. Rb7 Kg8 47. Rb8+ 1/2-1/2

[Event "25th Zadar Open 2018"]
[Site "Zadar"]
[Date "2018.12.17"]
[Round "4.22"]
[White "Ivekovic, Bozidar"]
[Black "Samani, Yamac"]
[Result "1/2-1/2"]
[ECO "D74"]
[WhiteElo "2406"]
[BlackElo "2267"]
[Annotator "NA"]
[PlyCount "75"]
[EventDate "2018.12.15"]
[EventType "swiss"]
[EventCountry "CRO"]
[SourceTitle "playchess.com"]
[Source "ChessBase"]
[SourceQuality "1"]
[TimeControl "40/5400+30:1800+30"]

1. d4 Nf6 2. c4 g6 3. g3 Bg7 4. Bg2 O-O 5. Nc3 c5 6. Nf3 d5 7. dxc5 Qa5 8. cxd5 Nxd5 9. Qxd5 Bxc3+ 10. Bd2 Rd8 11. Bxc3 Qxc3+ 12. bxc3 Rxd5 13. Rd1 Rxc5 14. Rd8+ Kg7 15. Nd4 Nd7 16. Nb3 Rxc3 17. Kd2 Rc7 18. Rc1 Rxc1 19. Kxc1 Nb6 20. Nc5 Bg4 21. Rxa8 Nxa8 22. Bxb7 Nb6 23. f3 Bc8 24. Bxc8 Nxc8 25. Kd2 Nb6 26. Kc3 Kf6 27. e4 Ke5 28. f4+ Kd6 29. Nd3 f6 30. Kb4 Kc6 31. Nb2 Nd7 32. Nd3 Kb6 33. Nb2 Nc5 34. Nc4+ Kc6 35. Na5+ Kb6 36. Nc4+ Kc6 37. Na5+ Kb6 38. Nc4+ 1/2-1/2

[Event "25th Zadar Open 2018"]
[Site "Zadar"]
[Date "2018.12.17"]
[Round "4.23"]
[White "Janzelj, Tim"]
[Black "Bosnjak, Petar"]
[Result "1/2-1/2"]
[ECO "A30"]
[WhiteElo "2395"]
[BlackElo "2255"]
[Annotator "NA"]
[PlyCount "95"]
[EventDate "2018.12.15"]
[EventType "swiss"]
[EventCountry "CRO"]
[SourceTitle "playchess.com"]
[Source "ChessBase"]
[SourceQuality "1"]
[TimeControl "40/5400+30:1800+30"]

1. Nf3 Nf6 2. c4 b6 3. g3 Bb7 4. Bg2 c5 5. O-O g6 6. b3 Bg7 7. Bb2 O-O 8. Nc3 d5 9. Nxd5 Nxd5 10. Bxg7 Kxg7 11. cxd5 Qxd5 12. d4 cxd4 13. Ne1 Qd7 14. Bxb7 Qxb7 15. Qxd4+ Kg8 16. Nf3 Nd7 17. Rfd1 Nc5 18. Qh4 Ne6 19. Ne5 Rad8 20. Qc4 Rc8 21. Qa4 Rfd8 22. Rxd8+ Rxd8 23. Qc6 Qxc6 24. Nxc6 Rd7 25. Kf1 Rc7 26. Nb4 Rd7 27. Ke1 Kf8 28. Rc1 Nc5 29. Rc4 Rd6 30. Nc2 Ke8 31. Nd4 a6 32. b4 Ne6 33. Nxe6 Rxe6 34. Rc8+ Kd7 35. Ra8 Kc6 36. a4 Re4 37. Rxa6 Rxb4 38. Ra7 Kd6 39. Kd2 Rb2+ 40. Kd3 Ra2 41. f4 f5 42. Ra8 e5 43. Ra7 exf4 44. gxf4 Kd5 45. Rd7+ Kc5 46. Rc7+ Kd5 47. Rd7+ Kc5 48. Rc7+ 1/2-1/2

[Event "25th Zadar Open 2018"]
[Site "Zadar"]
[Date "2018.12.17"]
[Round "4.25"]
[White "Muha, Miljenko"]
[Black "Chan, Kim Yew"]
[Result "0-1"]
[ECO "E14"]
[WhiteElo "2334"]
[BlackElo "2175"]
[Annotator "NA"]
[PlyCount "64"]
[EventDate "2018.12.15"]
[EventType "swiss"]
[EventCountry "CRO"]
[SourceTitle "playchess.com"]
[Source "ChessBase"]
[SourceQuality "1"]
[TimeControl "40/5400+30:1800+30"]

1. d4 Nf6 2. Nf3 e6 3. c4 b6 4. e3 Bb7 5. Bd3 Be7 6. O-O O-O 7. b3 c5 8. Bb2 cxd4 9. Nxd4 Nc6 10. Nxc6 Bxc6 11. Nc3 d5 12. Qe2 dxc4 13. Bxc4 Nd7 14. Rfd1 Bf6 15. Bb5 Rc8 16. Rac1 Qe8 17. Bxc6 Rxc6 18. Nb5 Rxc1 19. Bxc1 a5 20. Ba3 Be7 21. Nc7 Qd8 22. Bxe7 Qxe7 23. Qb5 Nf6 24. Qxb6 Qa3 25. Qd4 Qxa2 26. Qc4 a4 27. Na6 axb3 28. Nc5 Qc2 29. Qxc2 bxc2 30. Rc1 Rd8 31. Rf1 Rd1 32. Nb3 Ne4 0-1

[Event "25th Zadar Open 2018"]
[Site "Zadar"]
[Date "2018.12.17"]
[Round "4.26"]
[White "Sahil, Tickoo"]
[Black "Djoric, Dusan"]
[Result "1/2-1/2"]
[ECO "D36"]
[WhiteElo "2224"]
[BlackElo "2298"]
[Annotator "NA"]
[PlyCount "53"]
[EventDate "2018.12.15"]
[EventType "swiss"]
[EventCountry "CRO"]
[SourceTitle "playchess.com"]
[Source "ChessBase"]
[SourceQuality "1"]
[TimeControl "40/5400+30:1800+30"]

1. d4 Nf6 2. c4 e6 3. Nc3 d5 4. cxd5 exd5 5. Bg5 Be7 6. e3 c6 7. Bd3 h6 8. Bh4 O-O 9. Qc2 Re8 10. Nge2 Nbd7 11. Rd1 Nh5 12. Bxe7 Qxe7 13. O-O Ndf6 14. Bf5 Be6 15. Rfe1 Rad8 16. a3 Bxf5 17. Qxf5 g6 18. Qh3 Nh7 19. Ng3 Ng5 20. Qg4 Nxg3 21. Qxg3 Ne4 22. Nxe4 dxe4 23. Qg4 a5 24. Rc1 Rd5 25. Rc2 h5 26. Qe2 Rb5 27. Rec1 1/2-1/2

[Event "25th Zadar Open 2018"]
[Site "Zadar"]
[Date "2018.12.17"]
[Round "4.27"]
[White "Parnali, S Dharia"]
[Black "Ojas Kulkarni"]
[Result "1/2-1/2"]
[ECO "A50"]
[WhiteElo "2118"]
[BlackElo "2282"]
[Annotator "NA"]
[PlyCount "56"]
[EventDate "2018.12.15"]
[EventType "swiss"]
[EventCountry "CRO"]
[SourceTitle "playchess.com"]
[Source "ChessBase"]
[SourceQuality "1"]
[TimeControl "40/5400+30:1800+30"]

1. d4 Nf6 2. c4 b6 3. Nc3 Bb7 4. Bf4 g6 5. e3 Bg7 6. h4 d6 7. Nf3 Nbd7 8. Bd3 O-O 9. Qc2 Nh5 10. Be4 Bxe4 11. Qxe4 Nxf4 12. exf4 c5 13. d5 Re8 14. O-O Nf6 15. Qd3 Qd7 16. g3 a6 17. Rfe1 Rab8 18. a4 Qh3 19. Ng5 Qf5 20. Rad1 Qxd3 21. Rxd3 Ng4 22. Rd2 Nh6 23. Rde2 Rb7 24. Nge4 Rc8 25. Ng5 Rcc7 26. Kg2 Nf5 27. Nf3 Nd4 28. Rd2 Nb3 1/2-1/2